 Dungeon Crawl Stone Soup version 0.26-a0-849-gf1512cd430 (webtiles) character file.

Game seed: 7449526632632109836

425 Conn the Firebug (level 6, -1/37 HPs)
             Began as an Octopode Fire Elementalist on Nov 20, 2020.
             Killed from afar by an orc wizard (7 damage)
             ... with a magic dart
             ... on level 4 of the Dungeon.
             The game lasted 00:06:52 (4012 turns).

Conn the Firebug (Octopode Fire Elementalist)       Turns: 4012, Time: 00:06:52

Health: -1/37      AC:  1    Str:  7    XL:     6   Next: 96%
Magic:  11/11      EV: 14    Int: 20    God:
Gold:   206        SH:  0    Dex: 12    Spells: 1/12 levels left

rFire    . . .     SeeInvis .   e - +1 short sword (freeze)
rCold    . . .     Faith    .   (no shield)
rNeg     . . .     Spirit   .   (helmet restricted)
rPois    .         Reflect  .   (no amulet)
rElec    .         Harm     .   h - +4 ring of slaying
rCorr    .         Rampage  .   (no ring)
MR       .....                  (no ring)
Stlth    ++++......             (no ring)
HPRegen  0.12/turn              (no ring)
MPRegen  0.12/turn              (no ring)
                                (no ring)
                                (no ring)

@: no status effects
A: almost no armour, stealthy swim, amphibious, 8 rings, constrict 8, camouflage
1, gelatinous body 1
a: no special abilities


You were on level 4 of the Dungeon.
You visited 1 branch of the dungeon, and saw 4 of its levels.

You collected 206 gold pieces.

Inventory:

Hand Weapons
 a - a +0 short sword
 e - a +1 short sword of freezing (weapon)
Jewellery
 h - a +4 ring of slaying (left tentacle)
Wands
 b - a wand of polymorph (7)
 g - a wand of paralysis (10)
 m - a wand of flame (15)
Scrolls
 c - a scroll of fog {unknown}
 d - a scroll of magic mapping {unknown}
 f - 2 scrolls of identify
 i - a scroll of enchant weapon {unknown}
 j - a scroll of teleportation
 k - a scroll of immolation {unknown}


   Skills:
 + Level 0.8 Fighting
 + Level 1.2 Short Blades
 + Level 2.8 Dodging
 + Level 4.6 Stealth
 * Level 3.5 Spellcasting
 + Level 2.3 Conjurations
 * Level 5.0 Fire Magic


You had one spell level left.
You knew the following spells:

 Your Spells              Type           Power        Failure   Level
a - Foxfire               Conj/Fire      ###.         3%          1
b - Conjure Flame         Conj/Fire      ###.....     9%          3
c - Inner Flame           Hex/Fire       ##......     14%         3
d - Sticky Flame          Conj/Fire      ###.....     30%         4

Your spell library contained the following spells:

 Spells                   Type           Power        Failure   Level
 Fireball                 Conj/Fire      ###.......   63%         5


Dungeon Overview and Level Annotations

Branches:
Dungeon (4/15)
 Temple: D:4-7

Altars:
Gozag
Nemelex Xobeh


Innate Abilities, Weirdness & Mutations

You cannot wear most types of armour.
You are very stealthy in the water. (Stealth+)
You are amphibious.
You can wear up to eight rings at the same time.
You can use your tentacles to constrict eight enemies at once.
Your skin changes colour to match your surroundings (Stealth+).
Your rubbery body absorbs attacks. (AC +1, EV +1)


Message History

The orc hits you but does no damage.
You hit the orc wizard. You freeze the orc wizard.
Your grab misses the orc wizard.
The orc wizard is heavily wounded.
The orc wizard gestures at you while chanting.
The magic dart hits you! The orc closely misses you.
You hit the orc wizard but do no damage.
Your grab misses the orc wizard.
The orc wizard is heavily wounded.
The orc wizard hits you with a +0 dagger.
* * * LOW HITPOINT WARNING * * *
The orc hits you with a +0 club.
* * * LOW HITPOINT WARNING * * *
It was a potion of cancellation.
You feel magically purged. The orc wizard barely misses you.
The orc barely misses you.
You aren't carrying any potions.
Okay, then.
The orc wizard points at you and mumbles some strange words.
The magic dart hits you!
You die...

#..#########
#### #.##
###.########
#.....)....#
#....()....#
#...###.####
#..##..oo.##
#..#.8...8.#
#..#.....@.#
##....._.....#
#(#.......###
#.#.8...8.# #
##.....##
###.### .. ...


You could see an orc wizard and an orc.

Vanquished Creatures
  A hound (D:3)
  2 orc priests
  A bullfrog skeleton (D:2)
  Ijyb (D:3)
  An iguana (D:3)
  2 orc wizards (D:3)
  Natasha (twice) (D:3)
  4 adders
  6 oozes
  4 worms
  A dart slug (D:2)
  A leopard gecko (D:4)
  5 orcs
  9 bats
  5 giant cockroaches
  3 goblins
  8 hobgoblins
  3 ball pythons
  5 frilled lizards
  6 kobolds
  18 rats
88 creatures vanquished.

Vanquished Creatures (collateral kills)
  A foxfire (D:3)
1 creature vanquished.

Vanquished Creatures (others)
  193 foxfires
193 creatures vanquished.

Grand Total: 282 creatures vanquished

Notes
Turn   | Place    | Note
-------+----------+-------------------------------------------
     0 | D:1      | Conn the Octopode Fire Elementalist began the quest for the
                  | Orb.
     0 | D:1      | Reached XP level 1. HP: 11/11 MP: 3/3
    34 | D:1      | Reached XP level 2. HP: 12/17 MP: 0/5
   261 | D:1      | Reached XP level 3. HP: 21/21 MP: 4/6
   972 | D:1      | Learned a level 3 spell: Conjure Flame
  1603 | D:2      | Reached XP level 4. HP: 16/27 MP: 1/7
  1794 | D:2      | Found a sparkling altar of Nemelex Xobeh.
  1926 | D:2      | Reached skill level 4 in Fire Magic
  2288 | D:2      | Learned a level 3 spell: Inner Flame
  2305 | D:3      | Reached XP level 5. HP: 31/32 MP: 6/8
  2964 | D:3      | Noticed Natasha
  2969 | D:3      | Killed Natasha
  2970 | D:3      | Reached XP level 6. HP: 37/37 MP: 10/10
  2987 | D:3      | Noticed Ijyb
  2997 | D:3      | Killed Ijyb
  3606 | D:3      | Noticed Natasha
  3612 | D:3      | Killed Natasha
  3713 | D:3      | Reached skill level 1 in Short Blades
  3863 | D:3      | Learned a level 4 spell: Sticky Flame
  4002 | D:4      | Reached skill level 5 in Fire Magic
  4002 | D:4      | Found an opulent altar of Gozag.
  4012 | D:4      | Killed from afar by an orc wizard

Illustrated notes

Levels and vault maps discovered:
D:1:      onia_arrival_handbag, layout_basic
D:2:      layout_rooms, lemuel_crystal_altar
D:3:      layout_loops_cross, uniq_ijyb, uniq_natasha
D:4:      layout_rooms, minmay_temple_entry_nine_rooms, grunt_gozag_statues

Skill      XL: |  1  2  3  4  5  6 |
---------------+-------------------+-----
Stealth        | 3 4 |  4.6
Fire Magic     | 4 5 |  5.0
Spellcasting   | 3 |  3.5
Conjurations   | 2 |  2.3
Short Blades   | 1 |  1.2
Fighting       | |  0.8
Dodging        | |  2.8

Action                   |  1- 3 |  4- 6 || total
-------------------------+-------+-------++-------
Melee: Short sword       |    21 |    50 ||    71
       Tentacles         |     5 |     4 ||     9
       Constrict         |     4 |     9 ||    13
 Cast: Foxfire           |    49 |    68 ||   117
  Use: Scroll            |     3 |     1 ||     4
       Potion            |       |     4 ||     4
 Stab: Sleeping          |     4 |     6 ||    10
       Distracted        |       |     1 ||     1
Armor: Skin              |       |     9 ||     9
Dodge: Dodged            |    17 |    48 ||    65

Table legend: (Time is in decaauts)
 A = Elapsed time spent in this place.
 B = Non-inter-level travel time spent in this place.
 C = Inter-level travel time spent in this place.
 D = Time resting spent in this place.
 E = Time spent auto-exploring this place.
 F = Levels seen in this place.
 G = Mean time per level.
                   A        B        C        D        E       F      G
               +--------+--------+--------+--------+--------+-----+--------+
         Total |   4000 |   3936 |     64 |    751 |   2348 |   4 | 1000.0 |
       Dungeon |   4000 |   3936 |     64 |    751 |   2348 |   4 | 1000.0 |
               +--------+--------+--------+--------+--------+-----+--------+

Top non-repeatable levels by time:
     D:3: 1598 daAuts
     D:1: 1332 daAuts
     D:2: 968 daAuts
     D:4: 101 daAuts
